3A
YORK REVOLUTION @ PROVO MANGO
07/19/2025
 
TOP OF THE 1ST
York Revolution batting - Pitching for Provo Mango : LHP Carl Sampson
Pitching: LHP Carl Sampson
Batting: SHB Carlos González 0-0: Ball
1-0: Ball
2-0: Ball
3-0: Called Strike
3-1: Bunt for hit - play at first, batter OUT! 2-3
Batting: RHB Terry Cheadle 0-0: Reached on error, E4 (Groundball, 4)
Batting: RHB Leo Cadden 0-0: Called Strike
0-1: Foul Ball, location: 2F
0-2: Ball
1-2: Strikes out looking
Batting: LHB Harold Wiggins 0-0: Ground out 4-3 (Groundball, 34)
Top of the 1st over - 0 run(s), 0 hit(s), 1 error(s), 1 left on base; York 0 - Provo 0
BOTTOM OF THE 1ST
Provo Mango batting - Pitching for York Revolution : LHP Harvey Richards
Pitching: LHP Harvey Richards
Batting: RHB Daniel Maldonado 0-0: Called Strike
0-1: Ball
1-1: Ball
2-1: Ball
3-1: Foul Ball, location: 2F
3-2: Foul Ball, location: 2F
3-2: Fly out, F7 (Flyball, 7)
Batting: RHB Joel Burrell 0-0: Ball
1-0: Fly out, F8 (Line Drive, 8LM)
Batting: SHB Jesús Herrera 0-0: Ball
1-0: Called Strike
1-1: Foul Ball, location: 2F
1-2: Strikes out swinging
Bottom of the 1st over - 0 run(s), 0 hit(s), 0 error(s), 0 left on base; York 0 - Provo 0
TOP OF THE 2ND
York Revolution batting - Pitching for Provo Mango : LHP Carl Sampson
Batting: RHB Jorge Estrada 0-0: Called Strike
0-1: Called Strike
0-2: Ball
1-2: Ball
2-2: SINGLE (Line Drive, 8LS)
Batting: SHB Roberto Córdova 0-0: Ball
1-0: Reached on error, E2 (Popup, 3S)
Jorge Estrada to second
Batting: RHB Chano Guzmán 0-0: Called Strike
Jorge Estrada is caught stealing 3rd base
Roberto Córdova to second
0-1: Ball
1-1: Foul Ball, location: 2F
1-2: Single, Error in OF, E9, batter to second base
Roberto Córdova scores
Batting: RHB Jorge Barrón 0-0: Ground out 5-3 (Groundball, 56S)
Chano Guzmán to third
Batting: RHB Edgardo Bello 0-0: Ball
1-0: Ground out 5-3 (Groundball, 56)
Top of the 2nd over - 1 run(s), 2 hit(s), 2 error(s), 1 left on base; York 1 - Provo 0
BOTTOM OF THE 2ND
Provo Mango batting - Pitching for York Revolution : LHP Harvey Richards
Batting: RHB Restin P. Surambe 0-0: Called Strike
0-1: Called Strike
0-2: Foul Ball, location: 2F
0-2: Strikes out swinging
Batting: RHB Mauro Longoria 0-0: Called Strike
0-1: Hit by Pitch
Pinch Runner at 1st José Salazar:
Batting: RHB Jesús Ramos 0-0: Fly out, F9 (Flyball, 9S)
Batting: RHB Juan Morales 0-0: Called Strike
0-1: Ball
1-1: Ball
2-1: Swinging Strike
2-2: Ball
3-2: Fly out, F3 (Line Drive, 34)
Bottom of the 2nd over - 0 run(s), 0 hit(s), 0 error(s), 1 left on base; York 1 - Provo 0
TOP OF THE 3RD
York Revolution batting - Pitching for Provo Mango : LHP Carl Sampson
Now at C: José Salazar
Batting: SHB Carlos González 0-0: Ball
1-0: Foul Ball, location: 2F
1-1: Called Strike
1-2: DOUBLE (Flyball, 9LM)
Batting: RHB Terry Cheadle 0-0: Fly out, F9 (Flyball, 89S)
Batting: RHB Leo Cadden 0-0: Swinging Strike
0-1: Foul Ball, location: 2F
0-2: Foul Ball, location: 2F
0-2: Fly out, F8 (Line Drive, 8LM)
Batting: LHB Harold Wiggins 0-0: Called Strike
0-1: Ball
1-1: Ball
2-1: Foul Ball, location: 2F
2-2: Strikes out swinging
Top of the 3rd over - 0 run(s), 1 hit(s), 0 error(s), 1 left on base; York 1 - Provo 0
BOTTOM OF THE 3RD
Provo Mango batting - Pitching for York Revolution : LHP Harvey Richards
Batting: RHB Rhett Barry 0-0: Called Strike
0-1: DOUBLE (Line Drive, 8LD)
Batting: SHB José Ibáñez 0-0: Ball
1-0: Swinging Strike
1-1: Foul Ball, location: 2F
1-2: Foul Ball, location: 2F
1-2: Ball
2-2: Foul Ball, location: 2F
2-2: Strikes out swinging
Batting: RHB Daniel Maldonado 0-0: SINGLE (Line Drive, 4MD)
Rhett Barry to third
Batting: RHB Joel Burrell 0-0: Foul Ball, location: 2F
0-1: Grounds into double play, 5-4-3 (Groundball, 56)
Bottom of the 3rd over - 0 run(s), 2 hit(s), 0 error(s), 1 left on base; York 1 - Provo 0
TOP OF THE 4TH
York Revolution batting - Pitching for Provo Mango : LHP Carl Sampson
Batting: RHB Jorge Estrada 0-0: Fly out, F7 (Flyball, 7S)
Batting: SHB Roberto Córdova 0-0: Ball
1-0: Ball
2-0: Ball
3-0: Called Strike
3-1: Base on Balls
Batting: RHB Chano Guzmán 0-0: Called Strike
0-1: Foul Ball, location: 2F
0-2: Ball
1-2: Strikes out swinging
Pitching: RHP Carlos Castillo
Batting: RHB Jorge Barrón 0-0: Called Strike
0-1: Ball
1-1: Ball
2-1: SINGLE (Popup, 34D)
Roberto Córdova to second
Runner from 2nd tries for 3rd, SAFE, throw made to third
Batting: RHB Edgardo Bello 0-0: Foul Ball, location: 2F
0-1: Ball
1-1: Fly out, F8 (Flyball, 8RD)
Top of the 4th over - 0 run(s), 1 hit(s), 0 error(s), 2 left on base; York 1 - Provo 0
BOTTOM OF THE 4TH
Provo Mango batting - Pitching for York Revolution : LHP Harvey Richards
Batting: SHB Jesús Herrera 0-0: Swinging Strike
0-1: Ball
1-1: Ball
2-1: Fly out, F7 (Flyball, 7)
Batting: RHB Restin P. Surambe 0-0: Ball
1-0: Swinging Strike
1-1: Ball
2-1: Ball
3-1: Fly out, F7 (Flyball, 7LS)
Batting: RHB José Salazar 0-0: Ball
1-0: Foul Ball, location: 2F
1-1: Called Strike
1-2: Ball
2-2: Ground out 5-3 (Groundball, 56S)
Bottom of the 4th over - 0 run(s), 0 hit(s), 0 error(s), 0 left on base; York 1 - Provo 0
TOP OF THE 5TH
York Revolution batting - Pitching for Provo Mango : RHP Carlos Castillo
Batting: SHB Carlos González 0-0: Called Strike
0-1: Ball
1-1: Ball
2-1: Swinging Strike
2-2: Foul Ball, location: 2F
2-2: Ball
3-2: Foul Ball, location: 2F
3-2: Base on Balls
Batting: RHB Terry Cheadle 0-0: Sac Bunt - play at first, batter OUT! 1-4
Carlos González to second
Batting: RHB Leo Cadden 0-0: Intentional Walk
Batting: LHB Harold Wiggins 0-0: Called Strike
Carlos González steals 3rd base
Leo Cadden to second
0-1: Ball
1-1: Intentional Walk
Batting: RHB Jorge Estrada 0-0: Foul Ball, location: 2F
0-1: Called Strike
0-2: Strikes out swinging
Batting: SHB Roberto Córdova 0-0: Called Strike
0-1: Ball
1-1: Swinging Strike
1-2: Fly out, F5 (Popup, 56)
Top of the 5th over - 0 run(s), 0 hit(s), 0 error(s), 3 left on base; York 1 - Provo 0
BOTTOM OF THE 5TH
Provo Mango batting - Pitching for York Revolution : LHP Harvey Richards
Batting: RHB Jesús Ramos 0-0: Ball
1-0: Called Strike
1-1: Ball
2-1: Swinging Strike
2-2: Ball
3-2: Fly out, F9 (Flyball, 9)
Batting: RHB Juan Morales 0-0: Called Strike
0-1: SINGLE (Groundball, 56D)
Batting: RHB Rhett Barry 0-0: Foul Ball, location: 2F
0-1: Swinging Strike
0-2: Ball
1-2: Fly out, F3 (Popup, 3L)
Pitching: RHP Roger Serr
Batting: SHB José Ibáñez 0-0: SINGLE (Line Drive, 7S)
Juan Morales to second
Batting: RHB Daniel Maldonado 0-0: Ground out 6-3 (Groundball, 56)
Bottom of the 5th over - 0 run(s), 2 hit(s), 0 error(s), 2 left on base; York 1 - Provo 0
TOP OF THE 6TH
York Revolution batting - Pitching for Provo Mango : RHP Carlos Castillo
Batting: RHB Chano Guzmán 0-0: Called Strike
0-1: Ground out 1-3 (Groundball, P)
Batting: RHB Jorge Barrón 0-0: Ground out 6-3 (Groundball, 56)
Batting: RHB Edgardo Bello 0-0: Called Strike
0-1: Ball
1-1: Foul Ball, location: 2F
1-2: Foul Ball, location: 2F
1-2: Ball
2-2: Strikes out looking
Top of the 6th over - 0 run(s), 0 hit(s), 0 error(s), 0 left on base; York 1 - Provo 0
BOTTOM OF THE 6TH
Provo Mango batting - Pitching for York Revolution : RHP Roger Serr
Batting: RHB Joel Burrell 0-0: SINGLE (Flyball, 9LS)
Batting: SHB Jesús Herrera 0-0: Ball
1-0: Foul Ball, location: 2F
1-1: Called Strike
1-2: Foul Ball, location: 2F
1-2: Ball
2-2: Ball
3-2: SINGLE (Groundball, 5D)
Joel Burrell to second
Batting: RHB Restin P. Surambe 0-0: Called Strike
0-1: Foul Ball, location: 2F
0-2: Ball
1-2: 3-RUN HOME RUN (Flyball, 78XD), Distance : 449 ft
Pitching: RHP Héctor León
Batting: RHB José Salazar 0-0: Called Strike
0-1: Ball
1-1: Ground out 6-3 (Groundball, 6)
Batting: RHB Jesús Ramos 0-0: Ground out 1-3 (Groundball, 15)
Batting: RHB Juan Morales 0-0: Ground out 5-3 (Groundball, 56S)
Bottom of the 6th over - 3 run(s), 3 hit(s), 0 error(s), 0 left on base; York 1 - Provo 3
TOP OF THE 7TH
York Revolution batting - Pitching for Provo Mango : RHP Carlos Castillo
Batting: SHB Carlos González 0-0: Swinging Strike
0-1: Ball
1-1: Called Strike
1-2: Strikes out swinging
Batting: RHB Terry Cheadle 0-0: SINGLE (Line Drive, 78M)
Batting: RHB Leo Cadden 0-0: Ball
1-0: Called Strike
1-1: Called Strike
Terry Cheadle is caught stealing 2nd base
1-2: SINGLE (Line Drive, 4D)
Batting: LHB Harold Wiggins 0-0: Ball
1-0: Called Strike
1-1: Ball
2-1: Called Strike
2-2: Reached on error, E6 (Groundball, 6)
Leo Cadden to second
Pinch Hitting: RHB Jim Unknown 0-0: Ball
1-0: Fielders Choice at 2nd, 5-4 (Groundball, 56)
Top of the 7th over - 0 run(s), 2 hit(s), 1 error(s), 1 left on base; York 1 - Provo 3
BOTTOM OF THE 7TH
Provo Mango batting - Pitching for York Revolution : RHP Héctor León
Now at SS: Arturo Aguilar
Batting: RHB Rhett Barry 0-0: SINGLE (Flyball, 9S)
Batting: SHB José Ibáñez 0-0: Called Strike
Rhett Barry is caught stealing 2nd base
0-1: Foul Ball, location: 2F
0-2: Strikes out looking
Batting: RHB Daniel Maldonado 0-0: Ball
1-0: Called Strike
1-1: DOUBLE (Line Drive, 9LM)
Batting: RHB Joel Burrell 0-0: Hit by Pitch
Pinch Hitting: LHB Jim Unknown 0-0: Called Strike
0-1: Ball
1-1: Swinging Strike
1-2: Foul Ball, location: 2F
1-2: Fly out, F7 (Line Drive, 7)
Bottom of the 7th over - 0 run(s), 2 hit(s), 0 error(s), 2 left on base; York 1 - Provo 3
TOP OF THE 8TH
York Revolution batting - Pitching for Provo Mango : RHP Carlos Castillo
Pitching: RHP Víctor Torres
Now at 2B: António Marquis
Batting: SHB Roberto Córdova 0-0: Ball
1-0: Called Strike
1-1: Hit by Pitch
Batting: RHB Chano Guzmán 0-0: Ball
1-0: Called Strike
1-1: Fly out, F7 (Flyball, 7)
Batting: RHB Jorge Barrón 0-0: Swinging Strike
0-1: Ball
1-1: Called Strike
1-2: Ball
2-2: Strikes out swinging
Batting: RHB Edgardo Bello 0-0: DOUBLE (Line Drive, 7LM)
Roberto Córdova to third
Pinch Hitting: LHB Jim Unknown 0-0: Foul Ball, location: 2F
0-1: Ball
1-1: Ball
2-1: Called Strike
2-2: Foul Ball, location: 2F
2-2: Ball
3-2: DOUBLE (Line Drive, 78D)
Roberto Córdova scores
Edgardo Bello scores
Pinch Hitting: RHB Carlos Meléndez 0-0: Fly out, F4 (Popup, 4D)
Top of the 8th over - 2 run(s), 2 hit(s), 0 error(s), 1 left on base; York 3 - Provo 3
BOTTOM OF THE 8TH
Provo Mango batting - Pitching for York Revolution : RHP Héctor León
Now at 3B: Jim Unknown
Now in RF: Jim Unknown
Batting: RHB Restin P. Surambe 0-0: Called Strike
0-1: Ball
1-1: Fly out, F7 (Flyball, 7)
Batting: RHB José Salazar 0-0: Ball
1-0: Ground out 4-3 (Groundball, 34)
Pinch Hitting: SHB Salvador Salinas 0-0: SINGLE (Groundball, 3D)
Pinch Runner at 1st Felipe Córdova:
Batting: RHB Juan Morales 0-0: SINGLE (Groundball, 56D)
Felipe Córdova to second
Pinch Hitting: RHB Jaquiski Tartt 0-0: Ball
1-0: Called Strike
1-1: Ball
2-1: Foul Ball, location: 2F
2-2: Foul Ball, location: 2F
2-2: Strikes out swinging
Bottom of the 8th over - 0 run(s), 2 hit(s), 0 error(s), 2 left on base; York 3 - Provo 3
TOP OF THE 9TH
York Revolution batting - Pitching for Provo Mango : RHP Víctor Torres
Pitching: LHP Igarashi Momoru
Now at SS: Franklin Varkevisser
Now in LF: Felipe Córdova
Batting: RHB Leo Cadden 0-0: Ball
1-0: SINGLE (Groundball, 6S) (infield hit)
Batting: LHB Harold Wiggins 0-0: Called Strike
0-1: Foul Ball, location: 2F
0-2: Ball
1-2: Ball
2-2: Strikes out swinging
Leo Cadden steals 2nd base
Batter strikes out.
Pinch Hitting: RHB Francisco Rodríguez 0-0: Ball
1-0: Called Strike
1-1: Ball
2-1: Foul Ball, location: 2F
2-2: Ground out 5-3 (Groundball, 56S)
Leo Cadden to third
Batting: SHB Roberto Córdova 0-0: Ball
1-0: Fly out, F7 (Flyball, 7LSF)
Top of the 9th over - 0 run(s), 1 hit(s), 0 error(s), 1 left on base; York 3 - Provo 3
BOTTOM OF THE 9TH
Provo Mango batting - Pitching for York Revolution : RHP Héctor León
Now at SS: Donald Perry
Batting: SHB José Ibáñez 0-0: Ball
1-0: SINGLE (Line Drive, 7S)
Batting: RHB Daniel Maldonado 0-0: Fielders Choice at 2nd, 6-4 (Groundball, 6M)
Batting: RHB Joel Burrell 0-0: Ball
1-0: Grounds into double play, 6-4-3 (Groundball, 6)
Bottom of the 9th over - 0 run(s), 1 hit(s), 0 error(s), 0 left on base; York 3 - Provo 3
TOP OF THE 10TH
York Revolution batting - Pitching for Provo Mango : LHP Igarashi Momoru
Batting: RHB Chano Guzmán 0-0: Ball
1-0: Ball
2-0: SINGLE (Groundball, 6MD)
Batting: RHB Jorge Barrón 0-0: Ball
1-0: Sac Bunt - play at first, batter OUT! 1-4
Chano Guzmán to second
Batting: RHB Edgardo Bello 0-0: Intentional Walk
Batting: LHB Jim Unknown 0-0: Called Strike
0-1: Ball
1-1: Called Strike
1-2: TRIPLE (Line Drive, 7LM)
Chano Guzmán scores
Edgardo Bello scores
Batting: LHB Jim Unknown 0-0: Foul Ball, location: 2F
0-1: Ground out 1-3 (Groundball, 13)
Batting: RHB Leo Cadden 0-0: Intentional Walk
Batting: LHB Harold Wiggins 0-0: Ball
1-0: Ball
2-0: Fly out, F8 (Flyball, 8RM)
Top of the 10th over - 2 run(s), 2 hit(s), 0 error(s), 2 left on base; York 5 - Provo 3
BOTTOM OF THE 10TH
Provo Mango batting - Pitching for York Revolution : RHP Héctor León
Pitching: RHP Chang-bum P'i
Batting: RHB António Marquis 0-0: Foul Ball, location: 2F
0-1: Ball
1-1: Ball
2-1: Ball
3-1: Fly out, F6 (Popup, 56D)
Batting: RHB Restin P. Surambe 0-0: Called Strike
0-1: Fly out, F9 (Flyball, 9S)
Batting: RHB José Salazar 0-0: Ball
1-0: Ball
2-0: Ball
3-0: Called Strike
3-1: Ground out 6-3 (Groundball, 6)
Bottom of the 10th over - 0 run(s), 0 hit(s), 0 error(s), 0 left on base; York 5 - Provo 3
Friday, December 30th, 2016 - OOTP Baseball 17.12 Build 75